 72023 dacat99 the Brawler (level 14, -13/138 HPs)
             Began as a Minotaur Fighter on Mar 28, 2024.
             Was the Champion of Ru.
             Mangled by a two-headed ogre
             ... wielding a +0 giant club
              (18 damage)
             ... on level 1 of the Orcish Mines on Apr 9, 2024.
             The game lasted 00:56:11 (23684 turns).

Dungeon Crawl Stone Soup version 0.31.0-32-g396128a36d (webtiles) character file.

Game seed: 9802223333593605127

dacat99 the Brawler (Minotaur Fighter)             Turns: 23684, Time: 00:56:11

Health: -13/138    AC: 19    Str: 24    XL:     14   Next: 0%
Magic:  8/13       EV:  2    Int:  5    God:    Ru [******]
Gold:   1304       SH: 11    Dex: 10    Spells: 13/13 levels left

rFire   . .          .
                       - Unarmed
rCold   . . .        H - +0 kite shield
rNeg    . . .        e - +0 plate armour
rPois   .            (helmet restricted)
rElec   .            T - +0 cloak
rCorr   .            B - +1 pair of gloves
SInv    .            J - +0 pair of boots
Will    +++..        M - amulet of regeneration Stlth
                     S - ring of willpower
HPRegen 1.23/turn    W - ring of willpower
MPRegen 0.13/turn

%: no passive effects
@: exhausted
A: horns 2, clumsy 1, no stealth, inability to use devices, hated by all,
reduced EV 1, inexperienced 1, retaliatory headbutt
a: Renounce Religion, Draw Out Power, Power Leap, Apocalypse


   Skills:
 + Level 16.4 Fighting
 + Level 7.8 Throwing
 - Level 10.0 Armour
 - Level 4.0 Dodging
 + Level 10.8 Shields
 + Level 19.9 Unarmed Combat

Action                     |  1- 3 |  4- 6 |  7- 9 | 10-12 | 13-15 || total
---------------------------+-------+-------+-------+-------+-------++-------
  Melee: Unarmed           |   100 |   203 |   278 |   895 |   499 ||  1975
         Headbutt          |    14 |    28 |    43 |   217 |   106 ||   408
  Throw: Dart              |       |       |    11 |     9 |       ||    20
         Boomerang         |       |       |       |     4 |       ||     4
         Throwing net      |       |       |       |     1 |       ||     1
 Invoke: Sacrifice Purity  |       |     1 |       |       |       ||     1
         Sacrifice Artific |       |       |     1 |       |       ||     1
         Power Leap        |       |       |     1 |     1 |     1 ||     3
         Sacrifice Experie |       |       |     1 |       |       ||     1
         Sacrifice Health  |       |       |       |     1 |       ||     1
         Sacrifice Love    |       |       |       |     1 |       ||     1
         Apocalypse        |       |       |       |       |     2 ||     2
         Sacrifice Stealth |       |       |       |       |     1 ||     1
  Evoke: Wand              |       |       |     2 |       |       ||     2
    Use: Scroll            |       |     5 |     5 |     6 |     2 ||    18
         Potion            |       |       |     5 |     2 |       ||     7
   Stab: Invisible         |       |       |     3 |     4 |     2 ||     9
         Distracted        |       |       |       |     3 |     4 ||     7
         Petrifying        |       |       |       |     2 |       ||     2
         Petrified         |       |       |       |     2 |       ||     2
         Paralysed         |       |       |       |       |    12 ||    12
 Armour: Scale mail        |     4 |       |       |       |       ||     4
         Plate armour      |    41 |   148 |   190 |   288 |   314 ||   981
         Ring mail         |       |       |    18 |   300 |       ||   318
  Dodge: Dodged            |    22 |    56 |    87 |   173 |    28 ||   366
  Block: Buckler           |    18 |    33 |    45 |    10 |       ||   106
         Kite shield       |       |       |    14 |   291 |   169 ||   474


You had 13 spell levels left.
You didn't know any spells.
Your spell library contained the following spells:

 Spells                   Type           Power      Damage    Failure   Level
 Magic Dart               Conj           0%         1d3       100%        1
 Shock                    Conj/Air       0%         1d3       100%        1
 Sting                    Conj/Alch      0%         1d3       100%        1
 Cigotuvi's Dreadful Rot  Necr/Alch/Air  0%         N/A       100%        2
 Ensorcelled Hibernation  Hex/Ice        0%         N/A       100%        2
 Mercury Vapours          Alch/Air       0%         N/A       100%        2
 Searing Ray              Conj           0%         2d4       100%        2
 Fugue of the Fallen      Necr           0%         N/A       100%        3
 Ozocubu's Armour         Ice            0%         N/A       100%        3
 Sigil of Binding         Hex            0%         N/A       100%        3
 Swiftness                Air            0%         N/A       100%        3
 Airstrike                Air            0%         2d(0-16)  100%        4
 Anguish                  Hex/Necr       0%         N/A       100%        4
 Cause Fear               Hex            0%         N/A       100%        4
 Dimensional Bullseye     Hex/Tloc       0%         N/A       100%        4
 Dispel Undead            Necr           0%         3d6       100%        4
 Fulminant Prism          Conj/Alch      0%         3d5       100%        4
 Manifold Assault         Tloc           0%         N/A       100%        4
 Olgreb's Toxic Radiance  Alch           0%         N/A       100%        4
 Vhi's Electric Charge    Tloc/Air       0%         N/A       100%        4
 Arcjolt                  Conj/Air       0%         1d10      100%        5
 Plasma Beam              Fire/Air       0%         2x1d10    100%        6
 Enfeeble                 Hex            0%         N/A       100%        7
 Maxwell's Capacitive Co  Air            0%         ∞         100%        8
 Chain Lightning          Conj/Air       0%         N/A       100%        9
 Fire Storm               Conj/Fire      0%         5d1       100%        9
 Shatter                  Erth           0%         3d5*      100%        9
 Call Canine Familiar     Summ           Unusable   N/A       N/A         3
 Martyr's Knell           Necr/Summ      Unusable   N/A       N/A         4
 Death Channel            Necr           Unusable   N/A       N/A         6

Inventory:

Hand Weapons
 L - a +0 long sword
   (You took it off a deep elf pyromancer in a bailey)
Missiles
 j - 7 boomerangs (quivered)
 s - 54 poisoned darts
 z - 7 curare-tipped darts
 C - 4 throwing nets {!f@Q4}
Armour
 e - a +0 plate armour (worn)
   (You found it on level 1 of the Dungeon)
 y - a +2 ring mail of poison resistance
   (You found it in a bailey)
 B - a +1 pair of gloves (worn)
   (You found it on level 7 of the Dungeon)
 H - a +0 kite shield (worn)
   (You took it off a gnoll sergeant on level 8 of the Dungeon)
 J - a +0 pair of boots (worn)
   (You found it on level 2 of the Lair of Beasts)
 T - a +0 cloak (worn)
   (You found it on level 4 of the Lair of Beasts)
 U - the +3 ring mail of Good Intentions {rC+}
   (You found it on level 4 of the Lair of Beasts)

   rC+:       It protects you from cold.
Jewellery
 i - a ring of see invisible
   (You found it on level 1 of the Dungeon)
 w - a ring of wizardry
   (You found it on level 3 of the Lair of Beasts)
 M - an amulet of regeneration (around neck)
   (You found it on level 5 of the Lair of Beasts)
 P - a ring of poison resistance
   (You found it on level 5 of the Lair of Beasts)
 S - a ring of willpower (left hand)
   (You took it off an orc wizard on level 9 of the Dungeon)
 W - a ring of willpower (right hand)
   (You took it off a kobold brigand on level 9 of the Dungeon)
Talismans
 X - a blade talisman
   (You found it on level 10 of the Dungeon)
Scrolls
 b - a scroll of butterflies {unknown}
 d - 4 scrolls of fear
 l - 3 scrolls of fog
 o - 2 scrolls of enchant armour
 q - 3 scrolls of immolation
 r - 4 scrolls of vulnerability
 u - a scroll of poison {unknown}
 x - 2 scrolls of blinking {@r4}
 A - a scroll of brand weapon {unknown}
 D - a scroll of teleportation {@r3}
 F - a scroll of torment {unknown}
 V - a scroll of enchant weapon {unknown}
Potions
 a - a potion of resistance {unknown}
 c - 2 potions of might {@q4}
 f - a potion of attraction {unknown}
 g - 6 potions of heal wounds {@q2}
 h - 4 potions of enlightenment {unknown}
 k - 4 potions of haste {@q3}
 m - 3 potions of curing {@q1}
 n - a potion of degeneration {unknown}
 p - 2 potions of magic {unknown}
 t - 7 potions of brilliance
 v - 3 potions of ambrosia {unknown}
 E - 4 potions of lignification {unknown}
 G - a potion of experience {unknown}
 O - a potion of cancellation {unknown}
 Q - a potion of berserk rage {unknown}
 R - a potion of invisibility {unknown}


Innate Abilities, Weirdness & Mutations

You have a pair of horns on your head.
You are clumsy. (Dex -2)
You cannot be stealthy.
You cannot study or use magical devices.
You are hated by all.
You have somewhat slow reflexes. (EV -5)
You are somewhat inexperienced. (-1 XL)
You reflexively headbutt those who attack you in melee.


You were on level 1 of the Orcish Mines.
You worshipped Ru.
Ru was exalted by your worship.
You visited 3 branches of the dungeon, and saw 17 of its levels.
You also visited: Sewer and Bailey.

You collected 1304 gold pieces.

Dungeon Overview and Level Annotations

Branches:
Dungeon (10/15)            Temple (0/1) D:4            Lair (5/5) D:8
 Shoals (0/4) Lair:2       Spider (0/4) Lair:2        Slime (0/5) Lair:5
    Orc (2/2) D:9           Sewer (visited)          Bailey (visited)
    Elf: Orc:2

Altars:
Kikubaaqudgha
Makhleb
Nemelex Xobeh
Qazlal
Ru
Wu Jian
The Shining One
Lugonu

Shops:
D:6 *   D:8 *

Portals:
Abyss: D:4

Annotations:
D:5 exclusion: downstairs

Notes
Turn   | Place    | Note
-------+----------+-------------------------------------------
     0 | D:1      | dacat99 the Minotaur Fighter began the quest for the Orb.
     0 | D:1      | Reached XP level 1. HP: 19/19 MP: 0/0
    94 | D:1      | Reached skill level 3 in Unarmed Combat
   200 | D:1      | Reached XP level 2. HP: 20/26 MP: 1/1
  1143 | D:2      | Reached XP level 3. HP: 30/31 MP: 2/2
  1317 | D:2      | Reached skill level 4 in Unarmed Combat
  1646 | D:2      | Reached XP level 4. HP: 39/39 MP: 3/3
  1906 | D:3      | Found a stormy altar of Qazlal.
  1913 | D:3      | Found an ancient bone altar of Kikubaaqudgha.
  1920 | D:3      | Reached skill level 5 in Unarmed Combat
  2177 | D:3      | Reached XP level 5. HP: 45/45 MP: 4/4
  2228 | D:3      | Found an ornate altar of the Wu Jian Council.
  2230 | D:3      | Found a sacrificial altar of Ru.
  2246 | D:3      | Became a worshipper of Ru the Awakened
  2296 | D:3      | Reached skill level 6 in Unarmed Combat
  2334 | D:3      | Found a glowing drain.
  2338 | Sewer    | Entered a sewer
  2572 | Sewer    | Reached skill level 7 in Unarmed Combat
  2572 | Sewer    | Reached XP level 6. HP: 51/51 MP: 5/5
  3615 | D:4      | Gained mutation: You are clumsy. (Dex -2) [Ru sacrifice]
  3811 | D:4      | Reached skill level 8 in Unarmed Combat
  3911 | D:4      | Found a staircase to the Ecumenical Temple.
  4206 | D:4      | Reached XP level 7. HP: 59/59 MP: 6/6
  4463 | D:4      | Found a corrupted altar of Lugonu.
  4463 | D:4      | Found a one-way gate to the infinite horrors of the Abyss.
  4677 | D:5      | Entered Level 5 of the Dungeon
  4757 | D:5      | Reached skill level 9 in Unarmed Combat
  5019 | D:5      | Reached skill level 10 in Unarmed Combat
  5021 | D:5      | Reached XP level 8. HP: 25/66 MP: 7/7
  5540 | D:6      | Reached skill level 11 in Unarmed Combat
  5898 | D:6      | Identified the +1 leather armour of the Hidden Vale {rC+
                  | rN+ Will+ Stlth+}
  5917 | D:6      | Found Umof's Assorted Antiques.
  6107 | D:6      | Reached skill level 12 in Unarmed Combat
  6271 | D:6      | Gained mutation: You cannot study or use magical devices.
                  | [Ru sacrifice]
  6271 | D:6      | Reached * piety under Ru
  6271 | D:6      | Reached ** piety under Ru
  6271 | D:6      | Reached *** piety under Ru
  6598 | D:7      | Reached XP level 9. HP: 69/71 MP: 8/8
  6836 | D:7      | Found a burning altar of Makhleb.
  6868 | D:7      | Noticed Prince Ribbit
  6873 | D:7      | Killed Prince Ribbit
  6874 | D:7      | Reached skill level 5 in Fighting
  6874 | D:7      | Reached skill level 5 in Shields
  6970 | D:7      | Reached skill level 5 in Armour
  7430 | D:8      | Found a flagged portal.
  7563 | Bailey   | Entered a bailey
  7591 | Bailey   | Reached skill level 13 in Unarmed Combat
  7704 | Bailey   | Noticed an orc knight
  7726 | Bailey   | Killed an orc knight
  7734 | Bailey   | Reached XP level 10. HP: 18/86 MP: 9/9
  7986 | Bailey   | Found a large runed translucent door.
  7986 | Bailey   | Found a large runed translucent door.
  7987 | Bailey   | Noticed a deep elf pyromancer
  8322 | Bailey   | Killed a deep elf pyromancer
  8612 | D:7      | Reached skill level 1 in Dodging
  8942 | D:8      | Found a sparkling altar of Nemelex Xobeh.
  8960 | D:8      | Found Nalep's Assorted Antiques.
  9166 | D:8      | Reached skill level 14 in Unarmed Combat
  9446 | D:8      | Noticed an elephant
  9469 | D:8      | Killed an elephant
  9590 | D:8      | Found a staircase to the Lair.
  9799 | D:8      | Found a basalt altar of Yredelemnul.
  9926 | Lair:1   | Entered Level 1 of the Lair of Beasts
  9926 | Lair:1   | Noticed a boulder beetle
  9931 | Lair:1   | Noticed an elephant
  9932 | Lair:1   | Noticed an elephant
  9932 | Lair:1   | Noticed an elephant
  9947 | D:8      | HP: 9/91 [boulder beetle (10)]
  9948 | D:8      | Killed a boulder beetle
  9949 | D:8      | Reached skill level 10 in Fighting
 10086 | D:8      | Gained mutation: You are somewhat inexperienced. (-1 XL)
                  | [Ru sacrifice]
 10086 | D:8      | Reached XP level 9. HP: 57/85 MP: 17/17
 10086 | D:8      | Reached **** piety under Ru
 10168 | Lair:1   | Noticed an elephant
 10169 | Lair:1   | Noticed an elephant
 10171 | Lair:1   | Noticed an elephant
 10425 | Lair:1   | Noticed a black mamba
 10437 | Lair:1   | Killed a black mamba
 10438 | Lair:1   | Reached XP level 10. HP: 81/93 MP: 9/9
 11720 | Lair:1   | Reached skill level 10 in Shields
 11745 | Lair:1   | Noticed a six-headed hydra
 11830 | Lair:1   | Killed a six-headed hydra
 11831 | Lair:1   | Reached skill level 15 in Unarmed Combat
 12485 | Lair:2   | Noticed a catoblepas
 12729 | Lair:1   | Reached XP level 11. HP: 91/105 MP: 10/10
 13231 | Lair:1   | Reached skill level 16 in Unarmed Combat
 13231 | Lair:1   | HP: 7/107 [poisoned by a cane toad]
 14160 | Lair:2   | Found a hole to the Spider Nest.
 14179 | Lair:2   | Killed a catoblepas
 14225 | Lair:2   | Found a staircase to the Shoals.
 14298 | Lair:2   | Gained mutation: You have somewhat slow reflexes. (EV -5)
                  | [Ru sacrifice]
 14298 | Lair:2   | Reached ***** piety under Ru
 15744 | Lair:3   | Identified the +8 giant spiked club of Pyeq Roa {venom,
                  | rF+}
 15920 | Lair:4   | Reached skill level 17 in Unarmed Combat
 16012 | Lair:4   | Reached XP level 12. HP: 111/118 MP: 11/11
 16267 | Lair:4   | Reached skill level 15 in Fighting
 17949 | Lair:4   | Identified the +3 ring mail of Good Intentions {rC+}
 18265 | Lair:5   | Entered Level 5 of the Lair of Beasts
 18280 | Lair:5   | Reached skill level 1 in Throwing
 18349 | Lair:5   | Reached skill level 18 in Unarmed Combat
 18456 | Lair:5   | Found a viscous altar of Jiyva.
 18456 | Lair:5   | Found a staircase to the Slime Pits.
 18484 | Lair:5   | Reached skill level 10 in Armour
 18925 | Lair:5   | Gained mutation: You are hated by all. [Ru sacrifice]
 19281 | Lair:5   | Found a runed translucent gate.
 19281 | Lair:5   | Found a runed translucent gate.
 19282 | Lair:5   | Found a runed translucent gate.
 19283 | Lair:5   | Noticed bigdog255's ghost (journeyman OpSu)
 19284 | Lair:5   | Noticed fasolt's ghost (journeyman FeSu)
 19453 | Lair:5   | Reached skill level 5 in Throwing
 19462 | Lair:5   | Reached XP level 13. HP: 115/126 MP: 12/12
 19545 | Lair:5   | Reached skill level 19 in Unarmed Combat
 21177 | Lair:5   | Killed bigdog255's ghost
 21185 | Lair:5   | Killed fasolt's ghost
 21485 | D:9      | Found a staircase to the Orcish Mines.
 21806 | D:9      | Gained mutation: You cannot be stealthy. [Ru sacrifice]
 21806 | D:9      | Reached ****** piety under Ru
 22350 | D:10     | Entered Level 10 of the Dungeon
 22474 | D:10     | Identified the +5 ring mail of Shielding {Harm Rampage rC+}
 22504 | D:10     | Noticed Joseph
 22512 | D:10     | Killed Joseph
 22564 | D:10     | Noticed Harold
 22573 | D:10     | Killed Harold
 22724 | D:10     | Noticed Erolcha
 22781 | D:10     | Killed Erolcha
 22807 | D:10     | Found a glowing golden altar of the Shining One.
 23260 | Orc:1    | Entered Level 1 of the Orcish Mines
 23260 | Orc:1    | Noticed an orc warlord
 23268 | Orc:1    | Killed an orc warlord
 23443 | Orc:2    | Entered Level 2 of the Orcish Mines
 23589 | Orc:1    | Reached XP level 14. HP: 31/138 MP: 13/13
 23684 | Orc:1    | HP: 5/138 [two-headed ogre/+0 giant club (27)]
 23684 | Orc:1    | Mangled by a two-headed ogre

Skill      XL: |  1  2  3  4  5  6  7  8  9 10 11 12 13 |
---------------+----------------------------------------+-----
Unarmed Combat | 3 4 5 7 8 10 12 13 15 17 18 19 | 19.9
Fighting       | 4 7 12 14 15 16 | 16.4
Shields        | 4 8 10 | 10.8
Armour         | 6 7 10 | 10.0
Dodging        | 4 |  4.0
Throwing       | 5 7 |  7.8

Levels and vault maps discovered:
D:1:      amcnicky_arrival_underground_garden, layout_basic,
          chequers_serial_rivers_micro_d
D:2:      layout_basic
D:3:      layout_loops_cross, nicolae_overflow_crystal_walls,
          nicolae_qazlal_general_emergency, grunt_temple_overflow_open,
          gup_sewer_entry_spiral, minmay_misc_feat_doors, item_on_display_a
D:4:      layout_basic, minmay_temple_entry_poolview,
          amcnicky_altar_lugonu_corruption
D:5:      layout_basic
D:6:      layout_cave_pools, serial_shops, shop_coins,
          small_statue_intersection, corexii_shack,
          chequers_serial_rivers_micro_b
D:7:      layout_rooms, mainiacjoe_overflow_alcove_2, serial_aquarium,
          aquarium_bridge_square [aquarium_subvault_wall,
          aquarium_subvault_balcony, aquarium_subvault_bridge,
          aquarium_subvault_bridge], aquarium_window_corridor_2,
          aquarium_window_2, aquarium_window_1, aquarium_window_fake,
          aquarium_view_2a, aquarium_balcony_3a, minmay_diced_spiral,
          uniq_prince_ribbit1
D:8:      layout_gridville, kennysheep_mini, lemuel_mausoleum_altar_yredelemnul,
          david_lair_generic, enter_bailey_5, serial_shops, shop
D:9:      layout_basic, minmay_orc_entry_temple_small
D:10:     layout_small_grid, tso_altar, minmay_misc_feat_tiny, minivault_16,
          minmay_strange_pillars, uniq_erolcha, uniq_joseph, uniq_harold
Lair:1:   layout_small_grid, grunt_megastairs_5
Lair:2:   layout_loops_ring, elwin_shoals_entry_rocks,
          nicolae_spider_entry_non_spiders, nicolae_lair_grove_arrangements,
          nicolae_lair_grazing_beasts [nicolae_sub_lair_graze_edge,
          nicolae_sub_lair_graze_edge, nicolae_sub_lair_graze_edge,
          nicolae_sub_lair_graze_edge]
Lair:3:   layout_gridlike
Lair:4:   nzn_winding_woodlands_stair_trap [nzn_winding_woodlands_5x15_pockets,
          nzn_winding_woodlands_5x15_garden, nzn_winding_woodlands_5x15_parted,
          nzn_winding_woodlands_15x15_thick_spiral,
          nzn_winding_woodlands_5x15_sidewinder,
          nzn_winding_woodlands_5x15_sawtooth,
          nzn_winding_woodlands_5x15_split_checker], layout_gridlike,
          beast_lair_carwin_7
Lair:5:   evilmike_catoblepas_cave, layout_loops_ring,
          nicolae_slime_entry_field_trip, gammafunk_ghost_cemetery,
          grunt_megastairs_4, infiniplex_staircase_pool_2
Orc:1:    layout_caves
Orc:2:    st_orc_ogre_mass, layout_caves, kennysheep_orc_chapel

Vanquished Creatures
  An orc warlord (Orc:1)
  The ghost of bigdog255 the Summoner, a journeyman OpSu of Gozag (Lair:5)
  The ghost of fasolt the Summoner, a journeyman FeSu of Kikubaaqudgha (Lair:5)
  5 hydras
  Harold (D:10)
  7 catoblepae
  2 boulder beetles
  4 two-headed ogres
  20 death yaks
  A fire crab (Lair:4)
  An orc knight (Bailey)
  A deep elf pyromancer (Bailey)
  2 manticores (Lair:5)
  A kobold blastminer (Orc:2)
  Joseph (D:10)
  26 elephants
  8 black mambas
  15 cane toads
  An ice statue (D:10)
  10 komodo dragons
  3 rime drakes (Lair:4)
  A troll (Orc:1)
  A polar bear (Lair:5)
  Prince Ribbit (D:7)
  16 blink frogs
  6 dream sheep
  4 slime creatures (D:10)
  40 yaks
  8 wyverns
  7 basilisks
  A warg (Orc:2)
  A steam dragon (Lair:1)
  An acid dragon (D:9)
  16 water moccasins
  An ice beast (D:5)
  2 sky beasts
  2 black bears
  20 orc warriors
  21 wolves
  A centaur (D:9)
  7 ogres
  A phantom (D:5)
  5 kobold brigands
  7 scorpions
  16 bullfrogs
  2 gnoll sergeants
  13 wights
  13 killer bees
  3 howler monkeys (D:7)
  2 bombardier beetles
  5 jellies
  17 orc priests
  A human zombie (D:8)
  3 gnoll boudas
  A centaur zombie (D:8)
  2 sleepcaps
  14 orc wizards
  A hell rat (Lair:4)
  3 killer bee zombies (D:8)
  4 mummies (D:8)
  A howler monkey zombie (D:8)
  18 gnolls
  12 adders
  2 river rats (D:3)
  2 shadow imps (D:5)
  A white imp (D:6)
  4 dart slugs
  9 ribbon worms
  68 orcs
  11 ball pythons
  4 bats
  8 endoplasms
  6 giant cockroaches
  10 goblins
  7 hobgoblins
  3 jackals (D:2)
  34 kobolds
  4 quokkas
  5 frilled lizards
  12 rats
  A lurking horror (D:4)
604 creatures vanquished.

Vanquished Creatures (others)
  Erolcha (D:10)
  2 skysharks
  A komodo dragon (Lair:5)
  A water moccasin (Lair:2)
  An ogre (Orc:2)
  A wolf (Lair:2)
  A jelly (Lair:5)
8 creatures vanquished.

Grand Total: 612 creatures vanquished
